 Dungeon Crawl Stone Soup version 0.28.0-45-g0d030f2227 (webtiles) character file.

Game seed: 3708431736602469672

14 101zpm the Covered (level 2, -1/19 HPs)
             Began as a Gargoyle Fighter on Apr 8, 2022.
             Slain by a goblin
             ... wielding a +0 dagger
             ... led by Robin
              (2 damage)
             ... on level 2 of the Dungeon.
             The game lasted 00:00:52 (170 turns).

101zpm the Covered (Gargoyle Fighter)                Turns: 170, Time: 00:00:52

Health: -1/19      AC:  9    Str: 19    XL:     2   Next: 41%
Magic:  2/2        EV:  9    Int:  8    God:
Gold:   33         SH:  4    Dex:  9    Spells: 1/1 levels left

rFire   . . .      SeeInvis .   a - +0 flail
rCold   . . .      Faith    .   c - +0 buckler
rNeg    + . .      Spirit   .   b - +0 scale mail
rPois   ∞          Reflect  .   (no helmet)
rElec   +          Harm     .   (no cloak)
rCorr   .          Rampage  .   (no gloves)
Will    .....                   (no boots)
Stlth   ..........              (no amulet)
HPRegen 0.06/turn               (no ring)
MPRegen 0.08/turn               (no ring)

@: no status effects
A: sickness immunity, AC +2, negative energy resistance 1, electricity
resistance, torment resistance 1, petrification resistance
a: no special abilities


You were on level 2 of the Dungeon.
You visited 1 branch of the dungeon, and saw 3 of its levels.

You collected 33 gold pieces.

Inventory:

Hand Weapons
 a - a +0 flail (weapon)
Armour
 b - a +0 scale mail (worn)
 c - a +0 buckler (worn)
Potions
 d - a potion of might


   Skills:
 + Level 3.5 Fighting
 + Level 2.1 Maces & Flails
 + Level 3.6 Armour
 + Level 3.5 Shields


You had one spell level left.
You didn't know any spells.
Your spell library was empty.

Dungeon Overview and Level Annotations

Branches:
Dungeon (3/15)

Altars:

Annotations:
D:3 Robin


Innate Abilities, Weirdness & Mutations

You are immune to sickness and miasma.
Your stone body is resilient. (AC +2)
You are immune to poison.
You resist negative energy. (rN+)
You are resistant to electric shocks. (rElec)
You are resistant to unholy torment.
You are immune to petrification.


Message History

Robin roars a battlecry!
The goblins go into a battle-frenzy!
The goblin barely misses you. The goblin completely misses you.
You closely miss the goblin. The goblin hits you but does no damage.
You block the goblin's attack. The goblin hits you but does no damage.
The goblin closely misses you.
You hit the goblin.
The goblin is moderately wounded.
The goblin barely misses you. The goblin hits you with a +0 dagger.
You barely miss the goblin.
The goblin is moderately wounded.
The goblin hits you but does no damage. You block the goblin's attack.
You hit the goblin.
You kill the goblin!
Robin throws the goblin at you!
The goblin hits you but does no damage. x2
You block the goblin's attack.
You closely miss the goblin. You block the goblin's attack.
The goblin hits you with a +0 dagger.
You barely miss the goblin.
The goblin hits you but does no damage. x2
The goblin closely misses you.
You sock the goblin!
You kill the goblin!
The goblin hits you but does no damage. The goblin hits you with a +0 dagger.
Items here: ( ))) ††.
Robin roars a battlecry!
The goblin no longer looks unusually strong.
Robin throws the goblin at you!
There is a stone staircase leading up here.
Robin throws the goblin at you! The goblin hits you with a +0 club.
* * * LOW HITPOINT WARNING * * *
The goblin hits you with a +0 dagger.
* * * LOW HITPOINT WARNING * * *
The goblin hits you but does no damage. x2
You climb upwards.
There is a stone staircase leading down here.
You closely miss the goblin.
The goblin no longer looks unusually strong. x2
The goblin closely misses you. You block the goblin's attack.
The goblin hits you with a +0 dagger.
You die...

#.#
#..##.#
#.# #..#
#.###..#
#.#....#
#...#
#.###
##.#
##g.#
#@g.#
#gg##
####


You could see 4 goblins.

Vanquished Creatures
  2 hobgoblins (D:1)
  3 jackals (D:3)
  A quokka (D:2)
  2 frilled lizards
  3 goblins
  A rat (D:2)
12 creatures vanquished.

Notes
Turn   | Place    | Note
-------+----------+-------------------------------------------
     0 | D:1      | 101zpm the Gargoyle Fighter began the quest for the Orb.
     0 | D:1      | Reached XP level 1. HP: 14/14 MP: 1/1
   125 | D:3      | Reached XP level 2. HP: 19/19 MP: 2/2
   152 | D:3      | Noticed Robin
   170 | D:2      | Slain by a goblin

Illustrated notes

Levels and vault maps discovered:
D:1:      minmay_arrival_hallway, layout_loops_ring, minmay_pentomino_v4
D:2:      layout_rooms, shapermc_ecumenical_altar_flowoftime,
          mrwooster_statue_mirror
D:3:      layout_loops_cross, tso_metal_star, mainiacjoe_overflow_paths,
          minmay_misc_feat_pillars, chequers_serial_rivers_large_a, uniq_robin

Action                   || total
-------------------------++-------
Melee: Flail             ||    44
Armor: Scale mail        ||    43
Dodge: Dodged            ||    23
Block: Buckler           ||    10
